 Dungeon Crawl Stone Soup version 0.21-a0-251-g5e8393f (webtiles) character file.

421 KristoblXynda the Ruffian (level 6, -7/47 HPs)
             Began as a Draconian Transmuter on Sept 5, 2017.
             Killed by divine providence
             ... invoked by an orc priest
              (16 damage)
             ... on level 4 of the Dungeon.
             The game lasted 00:05:58 (3291 turns).

KristoblXynda the Ruffian (Draconian Transmuter)    Turns: 3291, Time: 00:05:59

Health: -7/47      AC:  6    Str: 13    XL:     6   Next: 62%
Magic:  9/9        EV: 12    Int: 19    God:
Gold:   115        SH:  0    Dex: 12    Spells: 5/9 levels left

rFire    . . .     SeeInvis .     - Unarmed
rCold    . . .     Gourm    .   (no shield)
rNeg     . . .     Faith    .   (armour unavailable)
rPois    .         Spirit   .   (helmet restricted)
rElec    .         Reflect  .   (no cloak)
rCorr    .         Harm     .   (no gloves)
MR       .....                  (no boots)
Stlth    ++........             (no amulet)
HPRegen  0.15/turn              o - ring of stealth
MPRegen  0.11/turn              (no ring)

@: brilliant, flying
A: unfitting armour, cold-blooded, AC +6
a: no special abilities


You were on level 4 of the Dungeon.
You were not hungry.

You visited 1 branch of the dungeon, and saw 4 of its levels.

You collected 115 gold pieces.

Inventory:

Jewellery
 o - a ring of stealth (left hand)
Wands
 p - a wand of random effects (25/48)
Scrolls
 d - 2 scrolls of teleportation
 e - 2 scrolls of amnesia
 k - 4 scrolls of remove curse
Potions
 g - a potion of brilliance
 h - 3 potions of curing
 i - a potion of flight
 n - a potion of heal wounds {unknown}
Books
 b - a book of Changes

   Spells                             Type                      Level
   a - Beastly Appendage              Transmutation                1
   b - Sticks to Snakes               Transmutation                2
   c - Spider Form                    Transmutation/Poison         3
   d - Ice Form                       Ice/Transmutation            4
   e - Blade Hands                    Transmutation                5
Comestibles
 a - 2 fruits
 c - 3 bread rations
 f - 3 meat rations


   Skills:
 - Level 1.1 Fighting
 - Level 1.7 Dodging
 * Level 6.4 Unarmed Combat
 - Level 2.0 Spellcasting
 + Level 4.3 Transmutations


You had 5 spell levels left.
You knew the following spells:

 Your Spells              Type           Power        Failure   Level  Hunger
a - Beastly Appendage     Tmut           ####..       1%          1    #......
b - Spider Form           Tmut/Pois      ###.......   2%          3    ###....


Dungeon Overview and Level Annotations

Branches:
Dungeon (4/15)
 Temple: D:4-7

Altars:
Makhleb
Uskayaw

Annotations:
D:3 Nattefrost's ghost, amateur FoFi


Innate Abilities, Weirdness & Mutations

Your plain brown scales are hard. (AC +6)
You cannot fit into any form of body armour.
You are cold-blooded and may be slowed by cold attacks.


Message History

The orc wizard closely misses you.
You closely miss the orc wizard. Your kick misses the orc wizard.
The orc wizard is severely wounded.
The orc wizard misses you.
You hit the orc wizard.
You kill the orc wizard!
You barely miss the orc priest. You claw the orc priest.
The orc priest is lightly wounded.
Your talons disappear.
The orc priest closely misses you.
You completely miss the orc priest.
The orc priest is lightly wounded.
The orc priest hits you with a hand axe of electrocution.
You are electrocuted!
* * * LOW HITPOINT WARNING * * *
You punch the orc priest!
The orc priest is severely wounded.
The orc priest calls down the wrath of Beogh upon you.
Beogh smites you!
You die...

... .# ####
####.#+#########.#...
§..............#.#.##
≈≈≈≈.........?..#.# #
#≈..........# #.# #§(
#≈..........###'##
#≈.≈###≈)...............
≈≈.≈§≈≈≈................
.....oo@................
≈§.§≈≈≈≈...#######......
#≈.§###≈...# ####+## #≈.
#≈...# # #§..## ≈≈..#
$...# ≈≈..#


You could see an orc priest and an orc.

Vanquished Creatures
  A bullfrog (D:3)
  A crimson imp (D:2)
  An orc priest (D:3)
  2 orc wizards (D:4)
  Natasha (thrice) (D:2)
  8 adders
  An ooze (D:3)
  3 worms
  2 dart slugs (D:3)
  3 leopard geckos
  6 orcs
  7 bats
  4 giant cockroaches
  6 goblins
  10 hobgoblins
  3 jackals (D:4)
  A quokka (D:2)
  3 frilled lizards
  7 kobolds
  8 rats
80 creatures vanquished.

Notes
Turn   | Place    | Note
-------+----------+-------------------------------------------
     0 | D:1      | KristoblXynda the Draconian Transmuter began the quest for the Orb.
     0 | D:1      | Reached XP level 1. HP: 16/16 MP: 3/3
   233 | D:1      | Reached XP level 2. HP: 23/23 MP: 5/5
   877 | D:2      | Reached XP level 3. HP: 20/28 MP: 4/6
  1193 | D:2      | Reached skill level 4 in Unarmed Combat
  1226 | D:2      | Noticed Natasha
  1236 | D:2      | Killed Natasha
  1236 | D:2      | Reached XP level 4. HP: 19/35 MP: 5/7
  1255 | D:2      | Learned a level 3 spell: Spider Form
  1702 | D:2      | Noticed Natasha
  1714 | D:2      | Killed Natasha
  1726 | D:2      | Noticed Natasha
  1766 | D:2      | Killed Natasha
  1766 | D:2      | Reached skill level 5 in Unarmed Combat
  1766 | D:2      | Reached XP level 5. HP: 27/40 MP: 6/8
  1898 | D:2      | Found a burning altar of Makhleb.
  2035 | D:3      | Found a hide-covered altar of Uskayaw.
  2153 | D:3      | Reached XP level 6. HP: 36/47 MP: 6/9
  2160 | D:3      | Noticed Nattefrost's ghost (amateur FoFi)
  2803 | D:3      | Reached skill level 6 in Unarmed Combat
  3291 | D:4      | Killed from afar by an orc priest

Vault maps used:
D:1:      minmay_arrival_jagged, minmay_tetromino_i4
D:2:      makhleb_grotto_becter, first_bread, kennysheep_generic_room_15,
          uniq_natasha
D:3:      eat_drink_and_be_merry_uskayaw
D:4:      lemuel_doored_altar, serial_shops, shop, st_stairs_4,
          kennysheep_boxes, uniq_grinder, uniq_ijyb

Skill      XL: |  1  2  3  4  5  6 |
---------------+-------------------+-----
Unarmed Combat | 4 5 6 |  6.4
Transmutations | 3 4 |  4.3
Fighting       | |  1.1
Dodging        | |  1.7
Spellcasting   | |  2.0

Action                   |  1- 3 |  4- 6 || total
-------------------------+-------+-------++-------
Melee: Unarmed           |   115 |   189 ||   304
       Tailslap          |     5 |    18 ||    23
       Headbutt          |     6 |     6 ||    12
       Kick              |       |    10 ||    10
       Punch             |       |     5 ||     5
 Cast: Beastly Appendage |     2 |     9 ||    11
  Use: Scroll            |       |     6 ||     6
       Potion            |       |     4 ||     4
 Stab: Sleeping          |       |     5 ||     5
       Distracted        |       |     1 ||     1
  Eat: Chunk             |     1 |     6 ||     7
       Fruit             |       |     1 ||     1
Armor: Skin              |    37 |    61 ||    98
Dodge: Dodged            |    69 |   121 ||   190

Table legend:
 A = Spawn XP
 B = Non-spawn XP
 C = Spawn XP percentage of total XP
 D = Spawn monster count
 E = Non-spawn monster count
 F = Spawn count percentage of total count
 G = Total turns spent on level
                    A         B        C        D         E        F      G
               +---------+---------+-------+---------+---------+-------+---------
         Total |      25 |     577 |   4.2 |      12 |      68 |  15.0 |  3291
               +---------+---------+-------+---------+---------+-------+---------
           D:1 |       5 |      34 |  12.8 |       3 |      21 |  12.5 |   864
           D:2 |       3 |     219 |   1.4 |       3 |      18 |  14.3 |  1146
           D:3 |       8 |     227 |   3.4 |       3 |      22 |  12.0 |   978
           D:4 |       9 |      97 |   8.5 |       3 |       7 |  30.0 |   303
               +---------+---------+-------+---------+---------+-------+---------
